 Seeded DCSS version 0.29.1-15-g9cfb28693d (webtiles) character file.

Game seed: 10705080513492541372 (custom seed)

26980 tkbsonic5 the Fighter (level 13, -4/109 HPs)
             Began as a Barachi Monk on Oct 21, 2023.
             Was an Elder of Elyvilon.
             Slain by a six-headed hydra (6 damage)
             ... on level 4 of the Lair of Beasts on Nov 11, 2023.
             The game lasted 00:44:37 (12411 turns).

tkbsonic5 the Fighter (Barachi Monk)               Turns: 12411, Time: 00:44:38

Health: -4/109     AC: 18    Str: 16    XL:     13   Next: 29%
Magic:  15/20      EV: 11    Int: 11    God:    Elyvilon [****..]
Gold:   754        SH:  0    Dex: 16    Spells: 13/13 levels left

rFire   . . .      SeeInvis .   F - +2 long sword (flame)
rCold   . . .      Faith    .   (no shield)
rNeg    . . .      Spirit   .   z - +0 chain mail
rPois   .          Reflect  .   n - +2 hat
rElec   .          Harm     .   x - +0 cloak
rCorr   .          Rampage  .   y - +0 pair of gloves
Will    .....                   G - +0 pair of boots
Stlth   ..........              v - amulet of regeneration
HPRegen 1.08/turn               s - +4 ring of slaying
MPRegen 0.17/turn               f - +4 ring of slaying

@: unable to hop, slow
A: amphibious, slowness 1, strong legs 2, +LOS
a: Hop, Renounce Religion, Purification, Heal Other, Heal Self


You were on level 4 of the Lair of Beasts.
You worshipped Elyvilon.
Elyvilon was greatly pleased with you.
You visited 3 branches of the dungeon, and saw 17 of its levels.

You collected 1004 gold pieces.
You spent 250 gold pieces at shops.

Inventory:

Hand Weapons
 j - a +2 dagger of speed
 q - the +10 dagger of Grandeur {holy, rElec MP+9, (16+++,14+++H)}
   (You found it on level 2 of the Dungeon)

   It has been blessed by the Shining One to cause great damage to the undead
   and demons.
   rElec:     It insulates you from electricity.
   MP:        It affects your magic capacity (+9).
 F - a +2 long sword of flaming (weapon)
 M - a +2 double sword {(1,17)}
 Q - a +0 lajatang
Missiles
 b - 2 poisoned darts
 O - 5 javelins
Armour
 n - a +2 hat (worn)
 t - the +0 pair of gloves "Cabb" {Harm rPois MP+9}
   (You acquired it on level 10 of the Dungeon)

   rPois:     It protects you from poison.
   MP:        It affects your magic capacity (+9).
   Harm:      It increases damage dealt and taken.
 x - a +0 cloak (worn)
 y - a +0 pair of gloves (worn)
 z - a +0 chain mail (worn)
 G - a +0 pair of boots (worn)
 K - a +0 helmet
Jewellery
 d - a +6 ring of dexterity
 f - a +4 ring of slaying (right hand)
 i - a ring of wizardry
 k - a ring of wizardry
 s - a +4 ring of slaying (left hand)
 u - a +6 ring of strength
 v - an amulet of regeneration (around neck)
 A - a ring of willpower
 B - a +4 ring of evasion
 D - a +4 ring of protection
 P - a ring of flight
 R - a ring of ice
 T - a ring of willpower
 V - a ring of wizardry
Wands
 w - a wand of flame (6)
 C - a wand of polymorph (11) (quivered)
Scrolls
 a - 6 scrolls of identify
 g - a scroll of silence
 m - 3 scrolls of teleportation
 o - 3 scrolls of magic mapping
 E - a scroll of amnesia
 H - a scroll of brand weapon
 N - 2 scrolls of fog
 S - a scroll of enchant armour {unknown}
Potions
 c - 2 potions of ambrosia
 e - 4 potions of flight
 h - 7 potions of curing
 l - 2 potions of brilliance
 p - a potion of resistance
 r - 2 potions of mutation
 J - a potion of attraction
 U - a potion of might


   Skills:
 * Level 12.6 Fighting
 - Level 10.0(10.3) Short Blades
 * Level 4.7(8.4) Long Blades
 * Level 2.2 Throwing
 * Level 10.9 Armour
 + Level 10.1 Dodging
 - Level 1.7 Stealth
 - Level 0.5 Spellcasting
 * Level 9.7 Invocations
 + Level 6.1 Evocations


You had 13 spell levels left.
You didn't know any spells.
Your spell library contained the following spells:

 Spells                   Type           Power      Damage    Failure   Level
 Magic Dart               Conj           0%         1d3       98%         1
 Call Imp                 Summ           0%         N/A       99%         2
 Call Canine Familiar     Summ           0%         N/A       100%        3
 Mephitic Cloud           Conj/Pois/Air  0%         N/A       100%        3
 Portal Projectile        Hex/Tloc       0%         N/A       100%        3
 Leda's Liquefaction      Hex/Erth       0%         N/A       100%        4
 Passage of Golubria      Tloc           0%         N/A       100%        4
 Lehudib's Crystal Spear  Conj/Erth      0%         10d2      100%        8


Dungeon Overview and Level Annotations

Branches:
Dungeon (11/15)            Temple (1/1) D:4            Lair (5/5) D:9
  Swamp (0/4) Lair:3        Snake (0/4) Lair:3
  Slime: Lair:4-5       Orc: D:9-12

Altars:
Ashenzari
Cheibriados
Dithmenos
Elyvilon
Fedhas
Gozag
Hepliaklqana
Kikubaaqudgha
Makhleb
Nemelex Xobeh
Okawaru
Qazlal
Ru
Sif Muna
Trog
Uskayaw
Vehumet
Wu Jian
Xom
Yredelemnul
Zin
The Shining One

Shops:
D:4 !   D:6 !:*=

Annotations:
D:5 1 runed translucent door, Crazy Yiuf
D:8 3 runed translucent doors, billybob123456's ghost, novice TrFi
Lair:1 exclusion: 2 oklob plants


Innate Abilities, Weirdness & Mutations

You are amphibious.
You cover ground slowly.
You can hop long distances.
You have an extended range of vision and can be seen from far away.


Message History

Unknown command.
You hack one of the eight-headed hydra's heads off!
The flame cauterises the wound!
You slash the seven-headed hydra! You burn the seven-headed hydra.
The seven-headed hydra is heavily wounded.
The cane toad closely misses you.
The seven-headed hydra bites you but does no damage.
The seven-headed hydra bites you. x2; The seven-headed hydra bites you!
The seven-headed hydra misses you.
The seven-headed hydra bites you but does no damage.
The seven-headed hydra misses you.
Unknown command.
Unknown command.
You chop one of the seven-headed hydra's heads off!
The flame cauterises the wound!
You hit the six-headed hydra. You burn the six-headed hydra.
The six-headed hydra is severely wounded.
The cane toad stings you!
* * * LOW HITPOINT WARNING * * *
The six-headed hydra bites you but does no damage.
The six-headed hydra bites you.
* * * LOW HITPOINT WARNING * * *
The six-headed hydra barely misses you.
The six-headed hydra bites you but does no damage.
The six-headed hydra closely misses you.
The six-headed hydra bites you but does no damage.
The cane toad closely misses you.
Unknown command.
You are healed.
You can no longer call upon Elyvilon for divine vigour.
The dream sheep shake their wool and sparkle.
You feel drowsy...
You fall asleep.
The blink frog blinks!
The six-headed hydra bites you!!!
You wake up.
* * * LOW HITPOINT WARNING * * *
The six-headed hydra bites you but does no damage.
The six-headed hydra bites you!
* * * LOW HITPOINT WARNING * * *
The six-headed hydra bites you but does no damage.
The six-headed hydra bites you.
You die...

.............#####.P.....#####
#. ..........P#.#.##........#
#. .##...#....#.##†..<....###
## ...........#.......FF.##
#..............††.D...#
#.......^F.....Y>§y...#
...........>..#y###...#
.#........†....D###...#
#.......P.....YF@######
...............###
##...........P..#
.#.............##
.##...........##
..............##
.⌠....#...†>...#
...##....##....#
#..#.....##.#.P#


You could see a six-headed hydra, a cane toad, a blink frog, a vampire mosquito
and 2 dream sheep.

Vanquished Creatures
  A stone giant (D:10)
  A boulder beetle (D:10)
  A centaur warrior (D:9)
  A catoblepas (D:10)
  2 two-headed ogres
  2 death yaks (Lair:3)
  Pikel (D:8)
  A death drake (Lair:4)
  A harpy (Lair:4)
  A manticore (D:10)
  A cyclops (Lair:4)
  A black mamba (Lair:3)
  3 cane toads (Lair:3)
  A rime drake (Lair:4)
  An unseen horror (D:10)
  2 komodo dragons
  A troll (D:10)
  Prince Ribbit (D:7)
  8 blink frogs
  Sigmund (D:6)
  29 yaks
  2 vampires (D:10)
  4 wyverns
  2 wraiths
  A shadow (D:11)
  A human (Lair:4)
  A steam dragon (D:7)
  Menkaure (D:5)
  3 acid dragons
  3 nagas (Lair:3)
  12 water moccasins
  An ice beast (D:6)
  3 sky beasts
  2 black bears
  4 centaurs
  A tengu (D:6)
  2 lemures (D:8)
  4 kobold brigands
  Blork the orc (D:5)
  11 bullfrogs
  3 scorpions
  13 killer bees
  5 howler monkeys
  5 jellies
  An orc priest (D:9)
  3 hounds
  3 gnoll boudas
  An iron imp (D:5)
  Ijyb (D:5)
  Natasha (thrice) (D:3)
  3 iguanas (D:6)
  5 orc wizards
  11 gnolls
  7 adders
  A shadow imp (D:6)
  2 white imps (D:6)
  2 ufetubi
  2 worms (D:3)
  A dart slug (D:4)
  28 orcs
  5 endoplasms
  A giant cockroach (D:1)
  6 goblins
  8 hobgoblins
  23 kobolds
  6 quokkas
  10 ball pythons
  5 bats
  A frilled lizard (D:1)
  4 rats
289 creatures vanquished.

Vanquished Creatures (others)
  A death yak (Lair:3)
  A naga (Lair:3)
  A scorpion (D:6)
  A jelly (D:6)
  An iguana (D:5)
  3 bushes (D:9)
  9 fungi
  44 plants
  4 toadstools (D:7)
65 creatures vanquished.

Grand Total: 354 creatures vanquished

Notes
Turn   | Place    | Note
-------+----------+-------------------------------------------
     0 | D:1      | tkbsonic5 the Barachi Monk began the quest for the Orb.
     0 | D:1      | Reached XP level 1. HP: 18/18 MP: 1/1
   416 | D:1      | Reached XP level 2. HP: 25/25 MP: 2/2
   434 | D:1      | Reached skill level 1 in Armour
   739 | D:1      | Found a faded altar of an unknown god.
  1333 | D:2      | Reached skill level 4 in Fighting
  1342 | D:2      | Reached XP level 3. HP: 27/30 MP: 3/3
  1434 | D:2      | Identified the +10 dagger of Grandeur {holy, rElec MP+9}
  2041 | D:3      | Reached XP level 4. HP: 35/37 MP: 4/4
  2058 | D:3      | Noticed Natasha
  2062 | D:3      | Killed Natasha
  2262 | D:3      | Noticed Natasha
  2268 | D:3      | Killed Natasha
  2269 | D:3      | Reached XP level 5. HP: 29/43 MP: 5/5
  2491 | D:3      | Noticed Natasha
  2501 | D:3      | Killed Natasha
  2755 | D:4      | Reached skill level 5 in Fighting
  2833 | D:4      | Found Qaureyw's Distillery.
  2843 | D:4      | Bought a potion of curing for 42 gold pieces
  2843 | D:4      | Bought a potion of curing for 42 gold pieces
  2843 | D:4      | Bought a potion of lignification for 42 gold pieces
  2875 | D:4      | Reached XP level 6. HP: 47/51 MP: 6/6
  2875 | D:4      | Found a staircase to the Ecumenical Temple.
  2892 | Temple   | Entered the Ecumenical Temple
  2919 | Temple   | Became a worshipper of Elyvilon the Healer
  2919 | Temple   | Reached * piety under Elyvilon
  2919 | Temple   | Reached ** piety under Elyvilon
  3697 | D:5      | Entered Level 5 of the Dungeon
  3697 | D:5      | Noticed a sky beast
  3699 | D:5      | Noticed Blork the orc
  3707 | D:5      | Killed a sky beast
  3708 | D:5      | Reached skill level 5 in Short Blades
  3710 | D:5      | Killed Blork the orc
  3711 | D:5      | Reached skill level 1 in Invocations
  3751 | D:5      | Reached XP level 7. HP: 56/56 MP: 8/8
  4011 | D:5      | Noticed Menkaure
  4017 | D:5      | Killed Menkaure
  4090 | D:5      | Noticed Ijyb
  4103 | D:5      | Killed Ijyb
  4105 | D:5      | Reached XP level 8. HP: 30/64 MP: 10/10
  4106 | D:5      | Reached skill level 5 in Dodging
  4170 | D:5      | Found a snail-covered altar of Cheibriados.
  4298 | D:5      | Reached skill level 6 in Fighting
  4298 | D:5      | Reached skill level 5 in Armour
  4533 | D:5      | Found a runed translucent door.
  4534 | D:5      | Noticed Crazy Yiuf
  4678 | D:6      | Found Lorar's Book Emporium.
  4743 | D:6      | Noticed Maggie
  4789 | D:6      | Noticed Maggie
  4789 | D:6      | Maggie changed into Maggie the tengu
  4796 | D:6      | Noticed a wraith
  4803 | D:6      | Killed Maggie the tengu
  4804 | D:6      | Reached XP level 9. HP: 58/71 MP: 12/12
  4883 | D:6      | Found Jeexavo's Assorted Antiques.
  4889 | D:6      | Bought a potion of curing for 93 gold pieces
  4889 | D:6      | Bought a scroll labelled MUERPH UHATU for 31 gold pieces
  4933 | D:6      | Found Baebeq's Jewellery Shoppe.
  5195 | D:6      | Found Wiynkuoc's Distillery.
  5255 | D:6      | Noticed Sigmund
  5270 | D:6      | Killed Sigmund
  5271 | D:6      | Reached skill level 7 in Fighting
  5403 | D:7      | Reached *** piety under Elyvilon
  5438 | D:7      | Noticed Prince Ribbit
  5448 | D:7      | Killed Prince Ribbit
  5449 | D:7      | Reached skill level 5 in Invocations
  6065 | D:7      | Reached **** piety under Elyvilon
  6320 | D:8      | Found a runed translucent gate.
  6321 | D:8      | Found a runed translucent gate.
  6322 | D:8      | Found a runed translucent gate.
  6325 | D:8      | Noticed billybob123456's ghost (novice TrFi)
  6347 | D:8      | Reached XP level 10. HP: 80/80 MP: 14/14
  6479 | D:8      | Found a radiant altar of Vehumet.
  6569 | D:8      | Reached skill level 8 in Fighting
  6684 | D:8      | Found a stormy altar of Qazlal.
  6710 | D:8      | Noticed Pikel
  6739 | D:8      | Killed Pikel
  6906 | D:9      | Found a staircase to the Lair.
  6951 | D:9      | Reached skill level 9 in Fighting
  6989 | D:9      | Reached skill level 10 in Short Blades
  6992 | D:9      | Reached XP level 11. HP: 67/89 MP: 16/16
  7030 | D:9      | Reached skill level 10 in Fighting
  7311 | D:9      | Noticed a centaur warrior
  7480 | D:9      | Killed a centaur warrior
  7657 | D:9      | Identified the ring "Esejej" {*Slow rF+ rC+ Str+2 Dex+3}
  7730 | D:10     | Entered Level 10 of the Dungeon
  7788 | D:10     | Noticed a two-headed ogre
  7794 | D:10     | Killed a two-headed ogre
  7795 | D:10     | Reached skill level 1 in Evocations
  7952 | D:10     | Got Xeilokepp's Atlas of the Dusty Compass
  8260 | D:10     | Reached ***** piety under Elyvilon
  8272 | D:10     | Reached skill level 1 in Long Blades
  8643 | D:10     | Noticed a catoblepas
  8670 | D:10     | Killed a catoblepas
  8671 | D:10     | Reached skill level 11 in Fighting
  8704 | D:10     | Noticed a boulder beetle
  8708 | D:10     | Noticed a manticore
  8741 | D:10     | Killed a manticore
  8756 | D:10     | Killed a boulder beetle
  8757 | D:10     | Reached XP level 12. HP: 80/100 MP: 18/18
  8822 | D:10     | Noticed a stone giant
  9053 | D:11     | Noticed a six-headed hydra
  9054 | D:11     | Noticed a two-headed ogre
  9055 | D:11     | Pacified a six-headed hydra
  9060 | D:11     | Killed a two-headed ogre
  9393 | D:11     | Found a shimmering blue altar of Sif Muna.
  9480 | D:10     | Identified a scroll of acquirement
  9480 | D:10     | Acquired the +0 pair of gloves "Cabb" {Harm rPois MP+9}
  9498 | D:10     | Killed a stone giant
  9562 | Lair:1   | Entered Level 1 of the Lair of Beasts
  9717 | Lair:1   | Noticed a seven-headed hydra
  9725 | Lair:1   | Pacified a seven-headed hydra
 10426 | Lair:2   | You fall into a shaft and drop 2 floors!
 10452 | Lair:3   | Reached skill level 5 in Evocations
 10475 | Lair:3   | Found a staircase to the Swamp.
 10648 | Lair:3   | Reached skill level 10 in Armour
 10684 | Lair:3   | Noticed a death yak
 10685 | Lair:3   | Noticed a death yak
 10686 | Lair:3   | Noticed a death yak
 10687 | Lair:3   | Noticed a death yak
 10693 | Lair:3   | Noticed a death yak
 10698 | Lair:3   | Noticed a death yak
 10706 | Lair:3   | Killed a death yak
 10718 | Lair:3   | Killed a death yak
 10719 | Lair:3   | Reached skill level 12 in Fighting
 10719 | Lair:3   | Pacified a death yak
 10720 | Lair:3   | Pacified a death yak
 10728 | Lair:3   | Killed a death yak
 10737 | Lair:3   | Pacified a death yak
 10815 | Lair:3   | Found a staircase to the Snake Pit.
 11113 | Lair:3   | Gained mutation: You can hop long distances. [Barachi
                  | growth]
 11113 | Lair:3   | Reached XP level 13. HP: 101/108 MP: 20/20
 11667 | Lair:4   | Reached skill level 10 in Dodging
 11808 | Lair:4   | Reached skill level 1 in Throwing
 12182 | Lair:5   | Entered Level 5 of the Lair of Beasts
 12402 | Lair:4   | Elyvilon protects you from harm!
 12411 | Lair:4   | HP: 2/109 [six-headed hydra (8)]
 12411 | Lair:4   | Slain by a six-headed hydra

Illustrated notes

Levels and vault maps discovered:
D:1:      ebering_hopf_link, layout_basic, ebering_ecumenical_altar_ruins
D:2:      minmay_general_purpose_star, layout_rooms, minmay_cut_off
D:3:      layout_basic, uniq_natasha
D:4:      layout_basic, temple_fountains, serial_glass, glass_columns_a,
          glass_columns_c, feat_on_display, item_on_display_a, serial_shops,
          nicolae_shop_waterfront, minmay_door_square, saegor_snake_ambush
D:5:      layout_basic, slow_altar_2, uniq_menkaure, uniq_ijyb,
          uniq_blork_the_orc, uniq_crazy_yiuf_cottage
D:6:      cheibrodos_fzero, layout_basic, serial_shops, shop_statue, shop,
          nicolae_shop_behind_doors, nicolae_shop_hallway_plus, uniq_maggie,
          uniq_sigmund
D:7:      layout_gridville, enter_bailey_7, minmay_gold_behind_fungi,
          uniq_prince_ribbit1
D:8:      layout_rooms, nicolae_qazlal_general_emergency,
          overflow_temple_1_default, gammafunk_ghost_spectres, uniq_pikel
D:9:      layout_basic, minmay_lair_entry_grove, the_hattery
D:10:     nzn_winding_woodlands_cross [nzn_winding_woodlands_5x15_concentric,
          nzn_winding_woodlands_5x15_crooked, nzn_winding_woodlands_5x15_zeroes,
          nzn_winding_woodlands_5x15_default,
          nzn_winding_woodlands_15x15_boxy_spiral], layout_basic
D:11:     layout_long_grid, lemuel_blue_sif_altar
Temple:   hellmonk_temple_of_storms
Lair:1:   dpeg_oklob_gauntlet, layout_gridlike, grunt_megastairs_5,
          infiniplex_staircase_pool_2, serial_bayou_shore_b,
          serial_bayou_shore_a
Lair:2:   layout_cave_pods, nicolae_volcano_entry_lava_flow, st_stairs_3
Lair:3:   layout_loops_ring, swamp_mist, minmay_snake_entry_guardpost_small
Lair:4:   layout_misc_corridors, grunt_megastairs_4, lemuel_fruit_fields
Lair:5:   minmay_lair_end_frog_pond, layout_regular_city,
          dpeg_slime_entry_corner, serial_bayou_pond_e,
          chequers_serial_rivers_micro_c, grunt_megastairs_3

Skill      XL: |  1  2  3  4  5  6  7  8  9 10 11 12 13 |
---------------+----------------------------------------+-----
Armour         | 1 2 3 4 5 6 7 9 10 | 10.9
Fighting       | 4 5 6 7 9 11 12 | 12.6
Short Blades   | 4 5 6 7 8 10 | 10.0
Dodging        | 4 5 6 7 8 9 10 | 10.1
Invocations    | 1 2 4 5 7 8 9 |  9.7
Evocations     | 3 5 6 |  6.1
Long Blades    | 1 4 |  4.7
Throwing       | 2 |  2.2
Stealth        | |  1.7
Spellcasting   | |  0.5

Action                   |  1- 3 |  4- 6 |  7- 9 | 10-12 | 13-15 || total
-------------------------+-------+-------+-------+-------+-------++-------
Melee: Short sword       |    49 |       |       |       |       ||    49
       Dagger            |    34 |    80 |   153 |   497 |    85 ||   849
       Punch             |       |     1 |     4 |    10 |     3 ||    18
       Double sword      |       |       |       |       |    30 ||    30
       Long sword        |       |       |       |       |     2 ||     2
Invok: Heal Other        |       |       |    17 |    12 |       ||    29
       Heal Self         |       |       |       |     5 |     3 ||     8
       Purification      |       |       |       |     1 |       ||     1
       Divine Vigour     |       |       |       |     1 |       ||     1
 Abil: Hop               |     2 |       |     1 |     2 |     4 ||     9
Evoke: Wand              |       |       |     2 |    95 |    15 ||   112
  Use: Potion            |     2 |     2 |     2 |     5 |     3 ||    14
       Scroll            |       |       |     9 |    12 |     3 ||    24
 Stab: Sleeping          |     2 |     2 |       |       |       ||     4
       Invisible         |       |       |       |     6 |       ||     6
Armor: Robe              |     8 |     1 |       |       |       ||     9
       Ring mail         |       |    10 |       |       |       ||    10
       Chain mail        |       |     7 |    81 |   149 |   100 ||   337
       Skin              |       |     1 |       |       |       ||     1
Dodge: Dodged            |    69 |    26 |    66 |   154 |    97 ||   412
